 Dungeon Crawl Stone Soup version 0.30.1 (webtiles) character file.

Game seed: 8076065541916682744

170 cheesebisquit the Grave Robber (level 5, -4/35 HPs)
             Began as a Mummy Necromancer on July 2, 2023.
             Slain by Blork the orc
             ... wielding a +0 trident
              (8 damage)
             ... on level 4 of the Dungeon.
             The game lasted 00:10:03 (2537 turns).

cheesebisquit the Grave Robber (Mummy Necromancer)  Turns: 2537, Time: 00:10:04

Health: -4/35      AC:  3    Str: 12    XL:     5   Next: 26%
Magic:  1/12       EV: 12    Int: 16    God:
Gold:   110        SH:  5    Dex: 12    Spells: 1/14 levels left

rFire   x . .        (no weapon)
rCold   + . .        (no shield)
rNeg    + + +        a - +0 robe
rPois   ∞            (no helmet)
rElec   .            k - +0 cloak
rCorr   .            (no gloves)
SInv    .            (no boots)
Will    .....        c - amulet of reflection
Stlth   ++           o - ring of wizardry
HPRegen 0.25/turn    (no ring)
MPRegen 0.13/turn

%: reflection, faith, wizardry (x1)
@: animating dead
A: cold resistance 1, negative energy resistance 3, torment resistance 2, heat
vulnerability 1, in touch with death 1, no potions, faith
a: no special abilities


You were on level 4 of the Dungeon.
You visited 1 branch of the dungeon, and saw 4 of its levels.

You collected 210 gold pieces.
You spent 100 gold pieces at shops.

Inventory:

Armour
 a - a +0 robe (worn)
 k - a +0 cloak (worn)
Jewellery
 c - an amulet of reflection (around neck)
 o - a ring of wizardry (left hand)
Wands
 m - a wand of flame (13)
 n - a wand of charming (5)
Scrolls
 b - 2 scrolls of amnesia {unknown}
 d - 2 scrolls of teleportation {unknown}
 e - a scroll of enchant weapon {unknown}
 f - a scroll of immolation {unknown}
 g - 2 scrolls of enchant armour {unknown}
 h - a scroll of noise {unknown}
 i - 2 scrolls of fog {unknown}
 j - a scroll of fear {unknown}
 l - 3 scrolls of identify {unknown}


   Skills:
 - Level 1.5 Dodging
 - Level 1.5 Stealth
 + Level 5.1 Spellcasting
 + Level 5.4 Necromancy


You had one spell level left.
You knew the following spells:

 Your Spells              Type           Power      Damage    Failure   Level
a - Necrotise             Necr           100%       1d9       1%          1
b - Vampiric Draining     Necr           32%        2d8       1%          3
c - Animate Dead          Necr           32%        N/A       6%          4
d - Agony                 Necr           32%        N/A       17%         5

Your spell library contained the following spells:

 Spells                   Type           Power      Damage    Failure   Level
 Foxfire                  Conj/Fire      16%        2x1d4     6%          1
 Freeze                   Ice            16%        1d4       6%          1
 Sandblast                Erth           8%         2d5       6%          1
 Ensorcelled Hibernation  Hex/Ice        8%         N/A       9%          2
 Passwall                 Tmut/Erth      3%         N/A       9%          2
 Poisonous Vapours        Pois/Air       8%         N/A       9%          2
 Frozen Ramparts          Ice            8%         1d2       17%         3
 Hailstorm                Conj/Ice       4%         3d4       17%         3
 Mephitic Cloud           Conj/Pois/Air  4%         N/A       17%         3
 Stone Arrow              Conj/Erth      8%         3d7       17%         3
 Swiftness                Air            4%         N/A       17%         3
 Fireball                 Conj/Fire      2%         3d4       82%         5
 Freezing Cloud           Conj/Ice/Air   2%         6-21      82%         5
 Plasma Beam              Fire/Air       2%         2x1d13    100%        6
 Starburst                Conj/Fire      2%         6d3       100%        6
 Summon Hydra             Summ           2%         N/A       100%        7
 Chain Lightning          Conj/Air       2%         3d2       100%        9
 Fire Storm               Conj/Fire      2%         8d1       100%        9
 Shatter                  Erth           2%         3d6*      100%        9
 Sublimation of Blood     Necr           Unusable   N/A       N/A         2
 Wereblood                Tmut           Unusable   N/A       N/A         2

Dungeon Overview and Level Annotations

Branches:
Dungeon (4/15)
 Temple: D:4-7

Altars:

Shops:
D:3 *

Annotations:
D:4 Blork the orc


Innate Abilities, Weirdness & Mutations

You are immune to poison.
Your flesh is cold resistant. (rC+)
You are immune to negative energy. (rN+++)
You are immune to unholy pain and torment.
You are vulnerable to heat. (rF-)
You are in touch with the powers of death.
You do not drink.
You have a special connection with the divine. (Faith)


Message History

Aim: Blork the orc, wielding a +0 trident and wearing a +0 robe (moderately wounded, chance to affect: 94%)
You feel a surge of power!
Blork the orc convulses!
Blork the orc barely misses you.
Casting: Agony (extremely dangerous; 17% risk of failure)
Confirm with . or Enter, or press ? or * to list all spells.
You don't have enough magic to cast this spell.
You can't drink.
You barely miss Blork the orc.
Blork the orc is severely wounded.
Blork the orc hits you with a +0 trident!
You hit Blork the orc.
Blork the orc is severely wounded.
Blork the orc barely misses you.
Casting: Agony (extremely dangerous; 17% risk of failure)
Confirm with . or Enter, or press ? or * to list all spells.
You don't have enough magic to cast this spell.
You barely miss Blork the orc.
Blork the orc is severely wounded.
Blork the orc points at you and mumbles some strange words.
The magic dart hits you!
Casting: Agony (extremely dangerous; 17% risk of failure)
Confirm with . or Enter, or press ? or * to list all spells.
You don't have enough magic to cast this spell.
You barely miss Blork the orc.
Blork the orc is severely wounded.
Blork the orc hits you with a +0 trident!
* * * LOW HITPOINT WARNING * * *
Casting: Agony (extremely dangerous; 17% risk of failure)
Confirm with . or Enter, or press ? or * to list all spells.
You don't have enough magic to cast this spell.
You completely miss Blork the orc.
Blork the orc is severely wounded.
Blork the orc closely misses you.
Casting: Agony (extremely dangerous; 17% risk of failure)
Confirm with . or Enter, or press ? or * to list all spells.
You don't have enough magic to cast this spell.
You hit Blork the orc but do no damage.
Blork the orc is severely wounded.
Blork the orc hits you with a +0 trident!
You die...

#.#
##.#
#..#
#..#
#..###
#..<.#
#.####
#.#
#@#
#o..#
##.##
.. #..
###


You could see Blork the orc.

Vanquished Creatures
  An orc priest (D:3)
  A hound (D:3)
  An iguana (D:2)
  2 adders (D:2)
  2 worms
  2 dart slugs (D:2)
  3 orcs (D:3)
  5 ball pythons
  3 endoplasms
  2 giant cockroaches (D:1)
  6 goblins
  A hobgoblin (D:2)
  A quokka (D:3)
  8 bats
  6 frilled lizards
  3 kobolds
  7 rats
54 creatures vanquished.

Vanquished Creatures (collateral kills)
  A ball python (D:3)
  A quokka (D:3)
2 creatures vanquished.

Vanquished Creatures (others)
  A bat zombie (D:3)
  An endoplasm zombie (D:3)
2 creatures vanquished.

Grand Total: 58 creatures vanquished

Notes
Turn   | Place    | Note
-------+----------+-------------------------------------------
     0 | D:1      | cheesebisquit the Mummy Necromancer began the quest for the
                  | Orb.
     0 | D:1      | Reached XP level 1. HP: 13/13 MP: 4/4
   260 | D:1      | Reached XP level 2. HP: 19/19 MP: 1/6
  1059 | D:2      | Gained mutation: You are in touch with the powers of death.
                  | [Mummy growth]
  1059 | D:2      | Reached XP level 3. HP: 24/24 MP: 1/8
  1258 | D:2      | Learned a level 3 spell: Vampiric Draining
  1308 | D:2      | Reached XP level 4. HP: 30/30 MP: 6/10
  1641 | D:2      | Reached skill level 5 in Necromancy
  1694 | D:2      | Learned a level 4 spell: Animate Dead
  2008 | D:3      | Reached skill level 5 in Spellcasting
  2008 | D:3      | Reached XP level 5. HP: 27/35 MP: 1/12
  2158 | D:3      | Learned a level 5 spell: Agony
  2217 | D:3      | Found Duwinn's Assorted Antiques.
  2223 | D:3      | Bought a scroll labelled DIZXUISHUTTO for 20 gold pieces
  2223 | D:3      | Bought a sharpened glass wand for 80 gold pieces
  2330 | D:3      | Found a faded altar of an unknown god.
  2523 | D:4      | Noticed Blork the orc
  2537 | D:4      | Slain by Blork the orc

Illustrated notes

Levels and vault maps discovered:
D:1:      dpeg_arrival_rooms_with_view, layout_rooms
D:2:      layout_basic
D:3:      layout_rooms, serial_shops, nicolae_shop_pleasant_corner_grove,
          shapermc_ecumenical_altar_mp_vishouse
D:4:      layout_loops_ring, minmay_temple_entry_enclosed_plants,
          uniq_blork_the_orc

Skill      XL: |  1  2  3  4 |
---------------+-------------+-----
Spellcasting   | 3 4 5 |  5.1
Necromancy     | 5 |  5.4
Dodging        | |  1.5
Stealth        | |  1.5

Action                     |  1- 3 |  4- 6 || total
---------------------------+-------+-------++-------
  Melee: Unarmed           |    11 |     8 ||    19
   Cast: Necrotise         |    57 |    44 ||   101
         Animate Dead      |       |     3 ||     3
         Agony             |       |     1 ||     1
 Armour: Robe              |     2 |     1 ||     3
  Dodge: Dodged            |     9 |    13 ||    22
  Block: Other             |     3 |     6 ||     9
